 Dungeon Crawl Stone Soup version 0.26.1-2-gb8aa6d0cf2 (webtiles) character file.

Game seed: 6168736169591777104

88 funkygono the Skirmisher (level 4, 0/29 HPs)
             Began as a Gargoyle Fighter on Mar 18, 2021.
             Killed by nerve-wracking pain
             ... invoked by an orc priest
              (7 damage)
             ... on level 3 of the Dungeon.
             The game lasted 00:03:15 (1350 turns).

funkygono the Skirmisher (Gargoyle Fighter)         Turns: 1350, Time: 00:03:15

Health: 0/29       AC: 14    Str: 20    XL:     4   Next: 53%
Magic:  4/4        EV:  7    Int:  9    God:
Gold:   109        SH:  6    Dex:  9    Spells: 3/3 levels left

rFire    . . .     SeeInvis .   a - +1 flail
rCold    . . .     Faith    .   h - +2 buckler
rNeg     + . .     Spirit   .   f - +0 chain mail
rPois    ∞         Reflect  .   (no helmet)
rElec    +         Harm     .   (no cloak)
rCorr    .         Rampage  .   (no gloves)
Will     .....                  l - +0 pair of boots
Stlth    ..........             (no amulet)
HPRegen  0.09/turn              o - ring of attention (curse)
MPRegen  0.09/turn              (no ring)

@: no status effects
A: negative energy resistance 1, electricity resistance, unbreathing,
petrification resistance, miasma immunity, AC +3
a: no special abilities


You were on level 3 of the Dungeon.
You visited 1 branch of the dungeon, and saw 3 of its levels.

You collected 109 gold pieces.

Inventory:

Hand Weapons
 a - a +1 flail (weapon)
Armour
 c - a +0 kite shield
 f - a +0 chain mail (worn)
 h - a +2 buckler (worn)
 l - a +0 pair of boots (worn)
Jewellery
 o - a cursed ring of attention (left hand)
Potions
 d - a potion of might
 e - 2 potions of curing
 g - 2 potions of magic
 i - a potion of resistance {unknown}
 j - a potion of flight {unknown}
 k - a potion of heal wounds {unknown}


   Skills:
 + Level 4.0 Fighting
 + Level 3.1 Maces & Flails
 + Level 3.8 Armour
 + Level 0.2 Dodging
 + Level 3.9 Shields


You had 3 spell levels left.
You didn't know any spells.
Your spell library was empty.

Dungeon Overview and Level Annotations

Branches:
Dungeon (3/15)

Altars:
Hepliaklqana
Nemelex Xobeh


Innate Abilities, Weirdness & Mutations

You are resistant to torment.
Your stone body is resilient. (AC +3)
You are immune to poison.
You resist negative energy. (rN+)
You are resistant to electric shocks. (rElec)
You can survive without breathing.
You are immune to petrification.
You are immune to miasma.


Message History

Beogh smites you!
You hear a shout!
You closely miss the orc.
The orc priest invokes the aid of Beogh against you.
Beogh smites you!
* * * LOW HITPOINT WARNING * * *
The orc hits you but does no damage.
You hit the orc.
The orc is moderately wounded.
The orc hits you but does no damage.
You hit the orc but do no damage.
The orc is moderately wounded.
The orc priest calls upon Beogh to heal the orc.
The orc's wounds heal themselves!
The orc hits you but does no damage.
You sock the orc!
You kill the orc!
The orc priest looks encouraged for a moment.
The orc priest invokes the aid of Beogh against you.
Pain shoots through your body!
You die...

#.# #.## #.. #.#
#.#####.##
#.†..o.ooo
#..#####.o
#.oo..# . ##.##@#
.. ###.##.##...
#.........#
#......####
#...)..#
#.....#####
#.........#
#......##.#
#.#..#.##.####.#.


You could see 2 orc priests.

Vanquished Creatures
  A worker ant (D:2)
  An adder (D:2)
  2 oozes (D:2)
  A dart slug (D:2)
  A leopard gecko (D:2)
  An orc (D:3)
  A giant cockroach (D:1)
  5 goblins
  9 hobgoblins
  3 jackals (D:3)
  A ball python (D:2)
  6 bats
  2 frilled lizards (D:2)
  3 kobolds
  5 rats
42 creatures vanquished.

Notes
Turn   | Place    | Note
-------+----------+-------------------------------------------
     0 | D:1      | funkygono the Gargoyle Fighter began the quest for the Orb.
     0 | D:1      | Reached XP level 1. HP: 14/14 MP: 1/1
   210 | D:1      | Reached XP level 2. HP: 19/19 MP: 2/2
   689 | D:2      | Reached XP level 3. HP: 19/24 MP: 3/3
   833 | D:2      | Found a sparkling altar of Nemelex Xobeh.
   888 | D:2      | Reached XP level 4. HP: 21/29 MP: 4/4
  1100 | D:2      | Reached skill level 4 in Fighting
  1169 | D:2      | Found a hazy altar of Hepliaklqana.
  1350 | D:3      | Killed from afar by an orc priest

Illustrated notes

Levels and vault maps discovered:
D:1:      co_arrival_random_square_maze, layout_basic, hangedman_decor_lopped
D:2:      layout_rooms, nzn_hepliaklqana_mist_gate,
          nemelex_xobeh_ov_fountains_minmay
D:3:      layout_loops_cross, nicolae_overflow_hidden_temple,
          chequers_temple_overflow_statue_of_worship

Skill      XL: |  1  2  3  4 |
---------------+-------------+-----
Fighting       | 4 |  4.0
Maces & Flails | 3 |  3.1
Armour         | |  3.8
Dodging        | |  0.2
Shields        | |  3.9

Action                   |  1- 3 |  4- 6 || total
-------------------------+-------+-------++-------
Melee: Flail             |    96 |    49 ||   145
  Use: Scroll            |     2 |     5 ||     7
Armor: Chain mail        |    71 |    28 ||    99
Dodge: Dodged            |    33 |    13 ||    46
Block: Kite shield       |    22 |       ||    22
       Buckler           |    20 |    21 ||    41
